 Dungeon Crawl Stone Soup version 0.30-a0-757-ga6a79fd877 (webtiles) character file.

Game seed: 11941420108105652146

42 Iich the Trooper (level 3, 0/33 HPs)
             Began as a Minotaur Fighter on Feb 9, 2023.
             Slain by a gnoll
             ... wielding a +0 flail
              (8 damage)
             ... on level 2 of the Dungeon.
             The game lasted 00:01:54 (1064 turns).

Iich the Trooper (Minotaur Fighter)                 Turns: 1064, Time: 00:01:54

Health: 0/33       AC:  6    Str: 20    XL:     3   Next: 33%
Magic:  2/2        EV:  9    Int:  5    God:
Gold:   65         SH:  4    Dex: 11    Spells: 2/2 levels left

rFire   . . .      SeeInvis .    a - +0 war axe
rCold   . . .      Faith    .    c - +0 buckler
rNeg    . . .      Spirit   .    b - +0 scale mail
rPois   .          Reflect  .    (helmet restricted)
rElec   .          Harm     .    (no cloak)
rCorr   .          Rampage  .    (no gloves)
Will    .....                    (no boots) Stlth
                                 (no amulet)
HPRegen 0.25/turn                (no ring)
MPRegen 0.08/turn                (no ring)

@: no status effects
A: horns 2, retaliatory headbutt
a: no special abilities


You were on level 2 of the Dungeon.
You visited 1 branch of the dungeon, and saw 2 of its levels.

You collected 65 gold pieces.

Inventory:

Hand Weapons
 a - a +0 war axe (weapon)
Armour
 b - a +0 scale mail (worn)
 c - a +0 buckler (worn)
Jewellery
 g - a ring of fire
 h - a ring of wizardry
Scrolls
 f - a scroll of blinking {unknown}
 i - a scroll of fog {unknown}
 l - a scroll of brand weapon {unknown}
 m - a scroll of identify {unknown}
 o - a scroll of torment {unknown}
Potions
 d - a potion of might
 j - a potion of haste {unknown}
 k - a potion of mutation {unknown}
 n - a potion of lignification {unknown}


   Skills:
 + Level 4.2 Fighting
 * Level 4.0 Axes
 - Level 3.6 Armour
 - Level 3.6 Shields


You had 2 spell levels left.
You didn't know any spells.
Your spell library was empty.

Dungeon Overview and Level Annotations

Branches:
Dungeon (2/15)

Altars:


Innate Abilities, Weirdness & Mutations

You have a pair of horns on your head.
You reflexively headbutt those who attack you in melee.


Message History

You feel agile. x2
You hit the gnoll. Your headbutt misses the gnoll.
The gnoll is moderately wounded.
You block the gnoll's attack. The gnoll hits you but does no damage.
You barely miss the gnoll.
The gnoll is moderately wounded.
The gnoll closely misses you. The gnoll hits you with a +0 whip.
The gnoll hits you from afar with a +0 spear.
You block the gnoll's attack.
You closely miss the gnoll.
The gnoll is moderately wounded.
The gnoll barely misses you.
The gnoll hits you from afar with a +0 spear.
* * * LOW HITPOINT WARNING * * *
You closely miss the gnoll. You headbutt the gnoll!
The gnoll is almost dead.
The gnoll closely misses you.
You barely miss the gnoll.
The gnoll is almost dead.
You block the gnoll's attack. x2
You barely miss the gnoll.
The gnoll is almost dead.
The gnoll hits you with a +0 whip.
* * * LOW HITPOINT WARNING * * *
You barely miss the gnoll.
The gnoll is almost dead.
The gnoll barely misses you.
You feel better. The gnoll hits you with a +0 whip.
You slash the gnoll!
You kill the gnoll!
The gnoll hits you with a +0 flail!
* * * LOW HITPOINT WARNING * * *
Your Axes skill increases to level 4!
The gnoll attacks as you move away! The gnoll barely misses you.
The gnoll attacks as you move away! The gnoll hits you with a +0 flail.
* * * LOW HITPOINT WARNING * * *
The gnoll attacks as you move away! The gnoll hits you with a +0 flail.
* * * LOW HITPOINT WARNING * * *
You feel better. The gnoll hits you with a +0 flail!
You die...

#.##.####......# # #.#
#......#
.##.####.....)#
#..(...........#
#.##.####..###.#
#.##.####..###.#.
#................
#..........#####. .#
####.@###.[# ##+##..
#.g###..## .......
#..g.....# ......#
#####..##...## ......#
#............# ......#
#.####..##...###.......
.....##....)).......
..###.###...###.....##
#. #...# .....#


You could see 2 gnolls.

Vanquished Creatures
  2 gnolls (D:2)
  4 ball pythons
  4 endoplasms (D:1)
  A goblin (D:2)
  2 hobgoblins
  4 kobolds (D:1)
  3 bats
  A rat (D:1)
21 creatures vanquished.

Notes
Turn   | Place    | Note
-------+----------+-------------------------------------------
     0 | D:1      | Iich the Minotaur Fighter began the quest for the Orb.
     0 | D:1      | Reached XP level 1. HP: 19/19 MP: 0/0
   317 | D:1      | Reached XP level 2. HP: 23/27 MP: 1/1
  1045 | D:2      | Reached XP level 3. HP: 27/33 MP: 2/2
  1064 | D:2      | Slain by a gnoll

Illustrated notes

Levels and vault maps discovered:
D:1:      dpeg_arrival_three_smaller_balls, layout_basic
D:2:      layout_basic, nicolae_ecumenical_pavilion, kennysheep_generic_room_13

Skill      XL: |  1  2  3 |
---------------+----------+-----
Axes           | 3 4 |  4.0
Fighting       | 4 |  4.2
Armour         | |  3.6
Shields        | |  3.6

Action                     || total
---------------------------++-------
  Melee: War axe           ||    49
         Headbutt          ||     5
    Use: Potion            ||     3
 Armour: Scale mail        ||    18
  Dodge: Dodged            ||    21
  Block: Buckler           ||    10

Table legend: (Time is in decaauts)
 A = Elapsed time spent in this place.
 B = Non-inter-level travel time spent in this place.
 C = Inter-level travel time spent in this place.
 D = Time resting spent in this place.
 E = Time spent auto-exploring this place.
 F = Levels seen in this place.
 G = Mean time per level.
                   A        B        C        D        E       F      G
               +--------+--------+--------+--------+--------+-----+--------+
         Total |   1082 |   1053 |     29 |      0 |    894 |   2 |  541.0 |
       Dungeon |   1082 |   1053 |     29 |      0 |    894 |   2 |  541.0 |
               +--------+--------+--------+--------+--------+-----+--------+

Top non-repeatable levels by time:
     D:1: 953 daAuts
     D:2: 129 daAuts
